 Dungeon Crawl Stone Soup version 0.27-a0-899-ge2d0b17c59 (webtiles) character file.

Game seed: 8174449052812126249

77 spiderkeys the Bolt Thrower (level 4, -2/26 HPs)
             Began as a Kobold Hunter on Apr 6, 2021.
             Slain by Sigmund
             ... wielding a +2 scythe of freezing
              (3 damage)
             ... on level 2 of the Dungeon.
             The game lasted 00:02:38 (1854 turns).

spiderkeys the Bolt Thrower (Kobold Hunter)         Turns: 1854, Time: 00:02:41

Health: -2/26      AC:  4    Str:  9    XL:     4   Next: 58%
Magic:  4/4        EV: 14    Int: 12    God:
Gold:   73         SH:  0    Dex: 16    Spells: 3/3 levels left

rFire    . . .     SeeInvis .   a - +1 hand crossbow
rCold    . . .     Faith    .   (shield restricted)
rNeg     . . .     Spirit   .   c - +0 leather armour
rPois    .         Reflect  .   (no helmet)
rElec    .         Harm     .   (no cloak)
rCorr    .         Rampage  .   (no gloves)
Will     .....                  k - +0 pair of boots
Stlth    +++.......             (no amulet)
HPRegen  0.08/turn              (no ring)
MPRegen  0.09/turn              (no ring)

@: no status effects
A: small, no large weapons, nightstalker 3
a: no special abilities


You were on level 2 of the Dungeon.
You visited 1 branch of the dungeon, and saw 2 of its levels.

You collected 73 gold pieces.

Inventory:

Hand Weapons
 a - a +1 hand crossbow (weapon)
 b - a +0 short sword
Missiles
 d - 7 bolts (quivered ammo)
Armour
 c - a +0 leather armour (worn)
 k - a +0 pair of boots (worn)
Jewellery
 e - an amulet of the acrobat
 j - a ring of positive energy
Scrolls
 h - a scroll of noise {unknown}
Potions
 f - 2 potions of haste {unknown}
 g - 2 potions of resistance {unknown}
 i - a potion of curing {unknown}


   Skills:
 - Level 2.1 Fighting
 * Level 3.3 Short Blades
 - Level 5.0 Crossbows
 - Level 2.4 Dodging
 * Level 4.1 Stealth


You had 3 spell levels left.
You didn't know any spells.
Your spell library was empty.

Dungeon Overview and Level Annotations

Branches:
Dungeon (2/15)

Altars:

Annotations:
D:2 Sigmund


Innate Abilities, Weirdness & Mutations

You are small and have problems with some larger weapons.
You are completely attuned to the shadows.


Message History

You kill the jackal!
The jackal closely misses you. The jackal barely misses you.
Unknown command.
The jackal misses you.
Fire: 14 bolts
Press: ? - help, Q - select action Shift-Dir - straight line You shoot a bolt.
The bolt barely misses the jackal.
The bolt hits the kobold.
You kill the kobold!
The jackal bites you but does no damage.
The jackal closely misses you.
Fire: 13 bolts
Press: ? - help, Q - select action Shift-Dir - straight line You shoot a bolt.
The bolt hits the jackal!
You kill the jackal!
Something hits you! Something freezes you.
Fire: 12 bolts
Press: ? - help, Q - select action Shift-Dir - straight line You shoot a bolt.
Something completely misses you. Something barely misses you.
Fire: 11 bolts
Press: ? - help, Q - select action Shift-Dir - straight line You shoot a bolt.
You hear some strange, mumbled words.
A puff of flame appears from out of thin air!
The puff of flame misses you.
Fire: 10 bolts
Press: ? - help, Q - select action Shift-Dir - straight line You shoot a bolt.
Unknown command.
Fire: 9 bolts
Press: ? - help, Q - select action Shift-Dir - straight line You shoot a bolt.
Something hits you. Something freezes you.
Fire: 8 bolts
Press: ? - help, Q - select action Shift-Dir - straight line You shoot a bolt.
Something hits you!
* * * LOW HITPOINT WARNING * * *
Something freezes you.
You die...

......' ....#..#.##.####.
.....r# #..†..#.##......
.....@# #.†...#.##......
......#######
#.#...#.######..
.....(#.#.#.# #.##.....
#.# ........((..#
#.##..... #.#
......#.###.# #........
#.
##.####.....#####.##.....
#. #. #.###.({(@.........
#.# #.......##.....
#.#.##.........
..........<.....
###.####..##.#### ##
#..##.# #..##.# #.###.#
#.###.#


There were no monsters in sight!

Vanquished Creatures
  Natasha (D:2)
  2 dart slugs
  A worm (D:2)
  A ball python (D:1)
  4 endoplasms (D:1)
  2 hobgoblins
  10 jackals
  4 bats
  4 frilled lizards
  3 goblins (D:1)
  7 kobolds
  3 rats
42 creatures vanquished.

Notes
Turn   | Place    | Note
-------+----------+-------------------------------------------
     0 | D:1      | spiderkeys the Kobold Hunter began the quest for the Orb.
     0 | D:1      | Reached XP level 1. HP: 12/12 MP: 1/1
   161 | D:1      | Reached skill level 1 in Short Blades
   161 | D:1      | Reached XP level 2. HP: 16/17 MP: 2/2
   260 | D:1      | Reached skill level 5 in Crossbows
   436 | D:1      | Reached XP level 3. HP: 21/21 MP: 3/3
   662 | D:1      | Found a faded altar of an unknown god.
  1229 | D:2      | Noticed Natasha
  1234 | D:2      | Killed Natasha
  1235 | D:2      | Reached XP level 4. HP: 19/26 MP: 4/4
  1831 | D:2      | Noticed Sigmund
  1854 | D:2      | HP: 1/26 [something (8)]
  1854 | D:2      | Slain by Sigmund

Illustrated notes

Levels and vault maps discovered:
D:1:      shiori_arrival_elements, layout_loops_ring, basic_ecumenical_altar
D:2:      layout_basic, kennysheep_generic_room_15, uniq_sigmund, uniq_natasha

Skill      XL: |  1  2  3  4 |
---------------+-------------+-----
Short Blades   | 1 3 |  3.3
Stealth        | 2 3 4 |  4.1
Crossbows      | 5 |  5.0
Fighting       | |  2.1
Dodging        | |  2.4

Action                   |  1- 3 |  4- 6 || total
-------------------------+-------+-------++-------
Melee: Short sword       |    54 |    28 ||    82
 Fire: Hand crossbow     |    13 |    17 ||    30
  Use: Scroll            |     2 |       ||     2
 Stab: Sleeping          |    17 |     2 ||    19
Armor: Leather armour    |    14 |    12 ||    26
Dodge: Dodged            |    43 |    42 ||    85

Table legend: (Time is in decaauts)
 A = Elapsed time spent in this place.
 B = Non-inter-level travel time spent in this place.
 C = Inter-level travel time spent in this place.
 D = Time resting spent in this place.
 E = Time spent auto-exploring this place.
 F = Levels seen in this place.
 G = Mean time per level.
                   A        B        C        D        E       F      G
               +--------+--------+--------+--------+--------+-----+--------+
         Total |   1857 |   1683 |    174 |      0 |   1385 |   2 |  928.5 |
       Dungeon |   1857 |   1683 |    174 |      0 |   1385 |   2 |  928.5 |
               +--------+--------+--------+--------+--------+-----+--------+

Top non-repeatable levels by time:
     D:1: 1103 daAuts
     D:2: 753 daAuts
